 Dungeon Crawl Stone Soup version 0.28.0 (webtiles) character file.

Game seed: 6104165777574249731

15380 a3don the Covert (level 12, -11/60 HPs)
             Began as a Spriggan Enchanter on Feb 14, 2022.
             Was an Elder of Dithmenos.
             Mangled by a boulder beetle (51 damage)
             ... on level 3 of the Lair of Beasts on Feb 15, 2022.
             The game lasted 00:52:46 (18585 turns).

a3don the Covert (Spriggan Enchanter)              Turns: 18585, Time: 00:52:46

Health: -11/60     AC:  7    Str:  7    XL:     12   Next: 0%
Magic:  33/33      EV: 22    Int: 20    God:    Dithmenos [****..]
Gold:   737        SH:  0    Dex: 17    Spells: 4/26 levels left

rFire   . . .      SeeInvis +   a - +1 dagger (flame)
rCold   . . .      Faith    .   (no shield)
rNeg    . . .      Spirit   .   N - +0 steam dragon scales
rPois   +          Reflect  .   (helmet restricted)
rElec   .          Harm     .   y - +1 cloak "Pahucan" {Str+3}
rCorr   .          Rampage  .   (gloves unavailable)
Will    ++...                   (boots unavailable)
Stlth   +++++++...              q - amulet of magic regeneration
HPRegen 0.20/turn               e - ring of magical power
MPRegen 0.63/turn               T - ring of poison resistance

@: confusing by touch, wreathed by umbra, very quick
A: very small, no large weapons, unfitting armour, see invisible, speed 3
a: Renounce Religion, Shadow Step


You were on level 3 of the Lair of Beasts.
You worshipped Dithmenos.
Dithmenos was greatly pleased with you.
You visited 3 branches of the dungeon, and saw 14 of its levels.

You collected 737 gold pieces.

Inventory:

Hand Weapons
 a - a +1 dagger of flaming (weapon)
 b - a +0 hunting sling
 z - a +0 flail of holy wrath
 C - a +1 dagger of holy wrath
 P - a +6 dagger
 U - a +1 dagger of venom
Missiles
 k - 451 stones (quivered)
 m - 16 poisoned darts
 Q - 2 throwing nets
 R - 18 sling bullets
Armour
 y - the +1 cloak "Pahucan" (worn) {Str+3}
   (You found it on level 4 of the Dungeon)

   Str:       It affects your strength (+3).
 N - +0 steam dragon scales (worn)
Jewellery
 e - a ring of magical power (left hand)
 p - a ring of flight
 q - an amulet of magic regeneration (around neck)
 D - the ring "Lecoifoj" {Will+ Dex+4}
   (You found it on level 3 of the Lair of Beasts)

   [ring of willpower]

   Dex:       It affects your dexterity (+4).
   Will:      It increases your willpower.
 E - a +4 ring of protection
 I - an amulet of regeneration
 M - a ring of protection from cold
 T - a ring of poison resistance (right hand)
Wands
 t - a wand of flame (40)
 B - a wand of paralysis (8)
 J - a wand of digging (4)
 L - a wand of iceblast (5)
 Z - a wand of polymorph (2)
Scrolls
 d - 2 scrolls of immolation
 h - 6 scrolls of teleportation
 l - 4 scrolls of blinking
 o - a scroll of identify
 w - a scroll of enchant weapon {unknown}
 A - 2 scrolls of fog {unknown}
 F - 5 scrolls of vulnerability
 G - a scroll of fear {unknown}
 H - 2 scrolls of enchant armour {unknown}
 K - 3 scrolls of magic mapping
 O - a scroll of noise {unknown}
 S - a scroll of amnesia {unknown}
 V - a scroll of torment {unknown}
Potions
 c - a potion of invisibility
 f - 2 potions of lignification
 g - 4 potions of heal wounds {unknown}
 i - 2 potions of mutation {unknown}
 n - 4 potions of curing
 r - 2 potions of haste {unknown}
 s - a potion of degeneration {unknown}
 u - 4 potions of brilliance
 v - a potion of magic {unknown}
 x - a potion of resistance {unknown}
 X - a potion of ambrosia {unknown}
 Y - 3 potions of flight {unknown}
Miscellaneous
 j - a piece from Xom's chessboard (15/15)
 W - a phial of floods


   Skills:
 + Level 5.9 Fighting
 * Level 6.7 Short Blades
 - Level 7.1 Slings
 + Level 8.6 Dodging
 + Level 10.6 Stealth
 + Level 7.9 Spellcasting
 + Level 4.1 Conjurations
 + Level 8.4 Hexes
 * Level 4.7 Translocations
 + Level 4.0 Fire Magic
 + Level 3.8 Ice Magic
 + Level 3.2 Invocations


You had 4 spell levels left.
You knew the following spells:

 Your Spells              Type           Power      Damage    Failure   Level
a - Ensorcelled Hibernat  Hex/Ice        64%        N/A       1%          2
b - Confusing Touch       Hex            41%        N/A       1%          3
c - Tukima's Dance        Hex            41%        N/A       1%          3
d - Dazzling Flash        Conj/Hex       66%        N/A       1%          3
e - Scorch                Fire           48%        2d7       2%          2
f - Ozocubu's Armour      Ice            23%        N/A       5%          3
g - Teleport Other        Tloc           26%        N/A       3%          3
h - Frozen Ramparts       Ice            46%        1d6       5%          3

Your spell library contained the following spells:

 Spells                   Type           Power      Damage    Failure   Level
 Gell's Gravitas          Tloc           26%        N/A       3%          3
 Stone Arrow              Conj/Erth      32%        3d9       11%         3
 Flame Wave               Conj/Fire      24%        2d7       16%         4
 Ice Form                 Ice/Tmut       15%        N/A       36%         4
 Summon Ice Beast         Ice/Summ       15%        N/A       36%         4
 Animate Armour           Summ/Erth      14%        N/A       65%         4
 Metabolic Englaciation   Hex/Ice        16%        N/A       19%         5
 Dispersal                Tloc           13%        N/A       88%         6
 Simulacrum               Ice/Necr       7%         N/A       99%         6
 Summon Cactus Giant      Summ           3%         N/A       100%        6
 Lehudib's Crystal Spear  Conj/Erth      8%         10d3      100%        8


Dungeon Overview and Level Annotations

Branches:
Dungeon (10/15)            Temple (1/1) D:4            Lair (3/6) D:9
  Swamp: Lair:2-4    Shoals: Lair:2-4     Snake: Lair:2-4    Spider: Lair:2-4
    Orc: D:9-12

Altars:
Ashenzari
Cheibriados
Dithmenos
Elyvilon
Fedhas
Gozag
Hepliaklqana
Kikubaaqudgha
Makhleb
Nemelex Xobeh
Okawaru
Qazlal
Ru
Sif Muna
Trog
Uskayaw
Vehumet
Wu Jian
Xom
Yredelemnul
Zin
The Shining One


Innate Abilities, Weirdness & Mutations

You are very small and have problems with some larger weapons.
You are too small for most types of armour.
You have supernaturally acute eyesight. (SInv)
You cover ground extremely quickly. (Speed+++)


Message History

Dithmenos accepts your kill.
You have reached level 12!
You see here a piece from Xom's chessboard (15/15).
You can't carry that many items.
You drop 5 boomerangs.
You see here a piece from Xom's chessboard (15/15).
j - a piece from Xom's chessboard (15/15)
Found a stone staircase leading down.
You now have 737 gold pieces (gained 19).
A scorpion comes into view.
The helpless scorpion fails to defend itself.
You spit the scorpion like a pig!!! You burn the scorpion.
You kill the scorpion!
Dithmenos accepts your kill.
You see here a scorpion corpse.
A boulder beetle comes into view.
The boulder beetle leaps!
Casting: Ensorcelled Hibernation (safe; 1% risk of failure)
Confirm with . or Enter, or press ? or * to list all spells.
Aiming: Ensorcelled Hibernation (safe; 1% risk of failure)
Press: ? - help, Shift-Dir - straight line, f - boulder beetle
Aim: a boulder beetle (umbra, chance to affect: 44%)
The boulder beetle looks drowsy...
The helpless boulder beetle fails to defend itself.
You spit the boulder beetle like a pig!!!
You burn the boulder beetle!!
The boulder beetle is almost dead.
The boulder beetle bites you!!
Casting: Ensorcelled Hibernation (safe; 1% risk of failure)
Confirm with . or Enter, or press ? or * to list all spells.
Okay, then.
The boulder beetle waves its antennae.
The boulder beetle leaps!
Casting: Ensorcelled Hibernation (safe; 1% risk of failure)
Confirm with . or Enter, or press ? or * to list all spells.
Your hands begin to glow red.
The boulder beetle leaps!
The boulder beetle curls into a ball and begins rolling!
The boulder beetle hits you!!!
Ouch! That really hurt!
You die...

≈≈≈≈...........######. ≈
≈≈≈≈..................
≈≈
≈≈≈≈♣...####†.........
...♣♣♣#....##...P#..#.#.
♣P♣♣ ##..####..##.#####
♣P.♣##..# #...### #
♣♣..#..# ##..## #
♣..B°..###....# #####
♣.♣.○#@..##.#...###..##
♣P..°.................
♣..♣...........(........
♣. #...##P.P##..########
# #..########..# # #...#
#...# # ##..# ##..# ##
#... #..# #. #.. ##
#..########


You could see a boulder beetle (rolling).

Vanquished Creatures
  A two-headed ogre (D:9)
  A catoblepas (Lair:3)
  4 torpor snails (Lair:1)
  A black mamba (Lair:2)
  3 cane toads
  9 komodo dragons
  2 trolls (D:9)
  4 polar bears
  A wraith (D:9)
  7 yaks
  4 wyverns
  2 basilisks
  A steam dragon (D:7)
  5 water moccasins
  4 black bears
  3 orc warriors
  2 ice beasts
  3 sky beasts
  A necrophage (D:5)
  3 ogres
  7 wolves (Lair:2)
  3 centaurs
  3 phantoms
  A kobold brigand (D:6)
  11 bullfrogs
  2 scorpions
  A wyvern skeleton (D:7)
  A water moccasin skeleton (D:5)
  8 killer bees
  11 wights
  3 howler monkeys
  An electric eel (Lair:2)
  2 centaur zombies
  A centaur skeleton (D:7)
  2 hounds (D:4)
  4 orc priests
  A bullfrog skeleton (D:6)
  A gnoll shaman (D:7)
  2 hell rats (Lair:3)
  An iguana (D:5)
  7 orc wizards
  A hound skeleton (D:5)
  Robin (D:2)
  2 howler monkey zombies (D:9)
  12 gnolls
  5 adders
  A howler monkey skeleton (D:7)
  8 river rats (Lair:3)
  A shadow imp (D:5)
  2 ufetubi
  A worm (D:2)
  A dart slug (D:2)
  23 orcs
  7 endoplasms
  4 giant cockroaches
  14 goblins
  12 hobgoblins
  7 quokkas
  6 ball pythons
  5 bats
  3 frilled lizards
  10 kobolds
  2 rats
262 creatures vanquished.

Vanquished Creatures (collateral kills)
  A wight (D:7)
1 creature vanquished.

Vanquished Creatures (others)
  2 fungi
  4 plants
6 creatures vanquished.

Grand Total: 269 creatures vanquished

Notes
Turn   | Place    | Note
-------+----------+-------------------------------------------
     0 | D:1      | a3don the Spriggan Enchanter began the quest for the Orb.
     0 | D:1      | Reached XP level 1. HP: 9/9 MP: 5/5
   336 | D:1      | Reached XP level 2. HP: 6/13 MP: 6/6
  1075 | D:1      | Learned a level 2 spell: Ensorcelled Hibernation
  1511 | D:1      | Found a faded altar of an unknown god.
  2162 | D:2      | Reached XP level 3. HP: 5/16 MP: 1/8
  2620 | D:2      | Reached skill level 5 in Stealth
  2652 | D:2      | Noticed Robin
  3471 | D:2      | Killed Robin
  3495 | D:2      | Reached XP level 4. HP: 11/21 MP: 4/9
  3795 | D:2      | Learned a level 3 spell: Confusing Touch
  4116 | D:2      | Reached skill level 1 in Slings
  4370 | D:3      | Noticed a sky beast
  5074 | D:3      | Learned a level 3 spell: Tukima's Dance
  5191 | D:3      | Killed a sky beast
  5192 | D:3      | Reached skill level 1 in Fighting
  5192 | D:3      | Reached XP level 5. HP: 3/25 MP: 11/11
  6728 | D:4      | Found a staircase to the Ecumenical Temple.
  6785 | Temple   | Entered the Ecumenical Temple
  6914 | Temple   | Became a worshipper of Dithmenos the Shadowed
  6972 | D:4      | Reached XP level 6. HP: 30/30 MP: 12/12
  7369 | D:4      | Found a snail-covered altar of Cheibriados.
  7484 | D:4      | Identified the +1 cloak "Pahucan" {Str+3}
  7699 | D:5      | Entered Level 5 of the Dungeon
  7950 | D:5      | Reached skill level 6 in Stealth
  8292 | D:5      | Reached skill level 5 in Hexes
  8292 | D:5      | Reached XP level 7. HP: 35/35 MP: 14/14
  8718 | D:5      | Reached skill level 1 in Conjurations
  8944 | D:5      | Reached * piety under Dithmenos
  9129 | D:5      | Reached skill level 5 in Dodging
  9164 | D:5      | Reached XP level 8. HP: 39/39 MP: 16/16
  9181 | D:5      | Reached skill level 7 in Stealth
  9181 | D:5      | Reached skill level 5 in Spellcasting
  9710 | D:6      | Learned a level 3 spell: Dazzling Flash
  9713 | D:6      | Learned a level 2 spell: Scorch
 10752 | D:6      | Reached skill level 1 in Fire Magic
 10752 | D:6      | Reached skill level 1 in Ice Magic
 10752 | D:6      | Reached XP level 9. HP: 40/44 MP: 18/18
 11212 | D:6      | Reached skill level 8 in Stealth
 11482 | D:7      | Identified the +0 pair of gloves of Keoghuv {Rampage
                  | *Corrode rC++ rN+++}
 11623 | D:7      | Reached ** piety under Dithmenos
 11655 | D:7      | Reached skill level 5 in Slings
 12361 | D:7      | Reached skill level 5 in Short Blades
 13520 | D:8      | Reached XP level 10. HP: 51/51 MP: 20/20
 14201 | D:8      | Reached skill level 9 in Stealth
 14536 | D:9      | Reached *** piety under Dithmenos
 14537 | D:9      | Reached skill level 5 in Fighting
 14722 | D:9      | Noticed a two-headed ogre
 15371 | D:9      | Found a staircase to the Lair.
 15529 | D:9      | Killed a two-headed ogre
 15530 | D:9      | Reached skill level 1 in Invocations
 15763 | D:10     | Entered Level 10 of the Dungeon
 15802 | Lair:1   | Entered Level 1 of the Lair of Beasts
 15929 | Lair:1   | Noticed a torpor snail
 15943 | Lair:1   | Killed a torpor snail
 15944 | Lair:1   | Reached XP level 11. HP: 38/56 MP: 22/22
 16048 | Lair:1   | Learned a level 3 spell: Ozocubu's Armour
 16050 | Lair:1   | Found a snail-covered altar of Cheibriados.
 16542 | Lair:1   | Reached skill level 10 in Stealth
 16820 | Lair:2   | Reached skill level 1 in Translocations
 16881 | Lair:2   | Found a burning altar of Makhleb.
 17640 | Lair:2   | Reached **** piety under Dithmenos
 17648 | Lair:2   | Learned a level 3 spell: Teleport Other
 17652 | Lair:2   | Learned a level 3 spell: Frozen Ramparts
 18062 | Lair:3   | Noticed a catoblepas
 18069 | Lair:3   | Killed a catoblepas
 18135 | Lair:3   | Identified the ring "Lecoifoj" {Will+ Dex+4}
 18505 | Lair:3   | Reached XP level 12. HP: 60/60 MP: 24/24
 18561 | Lair:3   | Noticed a boulder beetle
 18585 | Lair:3   | Mangled by a boulder beetle

Illustrated notes

Levels and vault maps discovered:
D:1:      lightli_arrival_noodles, layout_loops_corners,
          dreamdust_ecumenical_altar_angels_and_demons, kennysheep_pointless_box
D:2:      layout_loops_ring, corexii_leaking_fountain, uniq_robin
D:3:      layout_basic
D:4:      layout_basic, kennysheep_little_box, minmay_temple_entry_waves
D:5:      layout_basic, minmay_joined_circles
D:6:      layout_loops_ring
D:7:      layout_loops_cross, serial_bayou_pond_d
D:8:      layout_rooms, serial_curves, eino_curves_04, eino_curves_01
D:9:      layout_loops_cross, dpeg_oklobed_lair, chequers_jeans
D:10:     layout_layer_cave, uniq_urug, uniq_erica
Temple:   kilobyte_greek_temple
Lair:1:   layout_regular_city, kennysheep_snail_temple
Lair:2:   layout_cave_pods, basic_altar, beast_lair_carwin_1,
          serial_bayou_shore_a
Lair:3:   layout_small_grid, kennysheep_rathole, wad_woods_river_01

Skill      XL: |  1  2  3  4  5  6  7  8  9 10 11 |
---------------+----------------------------------+-----
Dodging        | 3 4 5 6 7 8 |  8.6
Spellcasting   | 3 4 5 6 7 |  7.9
Hexes          | 4 5 6 7 8 |  8.4
Stealth        | 5 6 7 8 9 10 | 10.6
Slings         | 1 2 3 4 5 6 7 |  7.1
Fighting       | 1 2 3 4 5 |  5.9
Short Blades   | 2 3 4 5 6 |  6.7
Conjurations   | 1 2 3 4 |  4.1
Fire Magic     | 1 2 3 4 |  4.0
Ice Magic      | 1 2 3 |  3.8
Invocations    | 1 3 |  3.2
Translocations | 4 |  4.7

Action                   |  1- 3 |  4- 6 |  7- 9 | 10-12 || total
-------------------------+-------+-------+-------+-------++-------
Melee: Dagger            |    81 |   123 |   290 |   217 ||   711
       Punch             |       |     3 |     7 |     4 ||    14
 Fire: Hunting sling     |    55 |    67 |    77 |    21 ||   220
Throw: Dart              |       |     4 |       |       ||     4
       Stone             |       |       |       |     1 ||     1
 Cast: Ensorcelled Hiber |    21 |    36 |    50 |   111 ||   218
       Confusing Touch   |       |     5 |    24 |    11 ||    40
       Tukima's Dance    |       |       |     2 |       ||     2
       Ozocubu's Armour  |       |       |       |     2 ||     2
       Frozen Ramparts   |       |       |       |     2 ||     2
  Use: Scroll            |       |       |       |     8 ||     8
 Stab: Sleeping          |    20 |    29 |    45 |    82 ||   176
       Confused          |       |     4 |    18 |    15 ||    37
       Distracted        |       |     1 |     2 |     1 ||     4
Armor: Robe              |     7 |    14 |    23 |       ||    44
       Steam dragon scal |       |       |     8 |    20 ||    28
Dodge: Dodged            |    64 |    92 |   227 |   170 ||   553
